 Dungeon Crawl Stone Soup version 0.18-a0-1655-ge2d8d33 (webtiles) character file.

25554 ololoev the Carver (level 12, 0/104 HPs)
             Began as a Centaur Warper on Mar 30, 2016.
             Was a High Priest of Okawaru.
             Succumbed to Nessos's poison
             ... on level 12 of the Dungeon.
             The game lasted 01:04:35 (25620 turns).

ololoev the Carver (Centaur Warper)                Turns: 25620, Time: 01:04:35

Health: 0/104      AC: 28    Str: 22    XL:     12   Next: 90%
Magic:  18/18      EV:  6    Int: 14    God:    Okawaru [*****.]
Gold:   22         SH:  0    Dex:  9    Spells: 3 memorised, 8 levels left

rFire  . . .     SeeInvis .     a - +9 falchion "Nonnoe" {flame, rPois rC+ rN+ MR+}
rCold  + . .     Gourm    .     q - +0 plate armour
rNeg   + . .     Faith    +     (no shield)
rPois  +         Spirit   .     L - +0 helmet
rElec  .         Dismiss  .     g - +2 cloak {+Inv}
rCorr  .         Reflect  .     z - +0 pair of gloves
SustAt .         Harm     .     F - +3 centaur barding {Fly}
MR     +....     Clarity  +     s - amulet of faith
Stlth  ..........               r - +4 ring of slaying
                                w - +3 ring of strength

@: lethally poisoned (0 -> -37), heroism, flying, very quick, somewhat resistant
to hostile enchantments, extremely unstealthy
A: hooves 3, clarity, clever 1, deformed body, speed 2, screaming 1, tough skin
3, sturdy frame 1
a: Heroism, Finesse, Renounce Religion, Evoke Invisibility, Stop Flying


Innate Abilities, Weirdness & Mutations

You have hooves in place of feet.
Armour fits poorly on your strangely shaped body.
You cover ground very quickly.
You have extremely tough skin (AC +3).
You possess an exceptional clarity of mind.
Your mind is acute. (Int +2)
You occasionally shout uncontrollably at your foes.
Your movements are slightly less encumbered by armour (ER -2).

Inventory:

Hand Weapons
 a - the +9 falchion "Nonnoe" (weapon) {flame, rPois rC+ rN+ MR+}
   (You bought it in a shop on level 4 of the Dungeon)

   It has been specially enchanted to burn those struck by it, causing extra
   injury to most foes and up to half again as much damage against particularly
   susceptible opponents.
   Big, fiery blades are also staple armaments of hydra-hunters.
   It protects you from cold.
   It protects you from poison.
   It protects you from negative energy.
   It affects your resistance to hostile enchantments.
 b - a +1 shortbow
Missiles
 n - 118 arrows
 y - 11 poisoned arrows
 G - 13 arrows of frost
Armour
 g - a +2 cloak of invisibility (worn)
 k - the cursed +1 ring mail of Loopnawn {+Fly rC+ Int+4, unknown}
   (You found it on level 12 of the Dungeon)

   It affects your intelligence (+4).
   It protects you from cold.
   It lets you fly.
   It has a curse placed upon it.
 q - a +0 plate armour (worn)
 z - a +0 pair of gloves (worn)
 F - a +3 centaur barding of flying (worn)
 L - a +0 helmet (worn)
Jewellery
 d - an uncursed amulet of magic regeneration {unknown}
 r - a +4 ring of slaying (right hand)
 s - an amulet of faith (around neck)
 w - a +3 ring of strength (left hand)
Wands
 j - a wand of digging (7/24)
Scrolls
 e - a scroll of fog
 f - 2 scrolls of amnesia
 h - a scroll of fear {unknown}
 m - a scroll of enchant weapon
 o - 3 scrolls of teleportation
 p - 4 scrolls of magic mapping
 t - a scroll of torment {unknown}
 v - a scroll of holy word {unknown}
 x - a scroll of immolation
Potions
 c - 2 potions of cure mutation
 u - 3 potions of magic
Comestibles
 i - 5 slices of pizza
 l - 6 bread rations
 A - 3 meat rations
 B - a royal jelly
 C - 8 beef jerkies


   Skills:
 + Level 9.3(14.3) Fighting
 * Level 12.0(17.0) Long Blades
 + Level 11.3(16.3) Bows
 - Level 1.1(6.1) Throwing
 + Level 6.5(11.5) Armour
 - Level 3.8(8.8) Dodging
 - Level 1.5 Spellcasting
 - Level 2.6 Translocations
 + Level 8.4 Invocations
 - Level 1.1 Evocations


You had 8 spell levels left.
You knew the following spells:

 Your Spells              Type           Power        Failure   Level  Hunger
a - Apportation           Tloc           #.........   63%         1    ##.....
b - Blink                 Tloc           N/A          85%         2    ###....
c - Portal Projectile     Tloc           #.....       99%         3    ####...


You were on level 12 of the Dungeon.
You worshipped Okawaru.
Okawaru was extremely pleased with you.
You were not hungry.

You visited 3 branches of the dungeon, and saw 15 of its levels.
You also visited: Sewer.

You collected 1129 gold pieces.
You spent 1107 gold pieces at shops.

#.......#...##.......
+.......#....+
#).....##....#
#......#c....#
#......#.....#
###......#.....#
##........#H(...#
.........((.....#
...!....(.#@....#
..........#######
............
..............
###########....H
..... ..... ....

Notes
Turn   | Place    | Note
--------------------------------------------------------------
     0 | D:1      | ololoev the Centaur Warper began the quest for the Orb.
     0 | D:1      | Reached XP level 1. HP: 17/17 MP: 3/3
    26 | D:1      | jacquesderrida: денг менг
    37 | D:1      | jacquesderrida: зач умир...
    37 | D:1      | ololoev: рФ не одел
    37 | D:1      | crauler: dayne mayne
    37 | D:1      | ololoev: фаером получил по жопе
   102 | D:1      | jacquesderrida: Во даеш!
   103 | D:1      | Reached skill level 2 in Long Blades
   128 | D:1      | Reached XP level 2. HP: 18/24 MP: 4/4
   370 | D:1      | Reached skill level 1 in Armour
   578 | D:1      | Reached XP level 3. HP: 26/30 MP: 5/5
  1165 | D:1      | Learned a level 2 spell: Blink
  1689 | D:2      | crauler: lol
  1689 | D:2      | crauler: >removed lantern of shadows
  1689 | D:2      | jacquesderrida: дейн мейн
  1894 | D:2      | Reached XP level 4. HP: 31/37 MP: 6/6
  1899 | D:2      | Learned a level 3 spell: Portal Projectile
  2014 | D:2      | Found a sparkling altar of Nemelex Xobeh.
  2107 | D:2      | Found a radiant altar of Vehumet.
  2233 | D:2      | crauler: ппшить стрелы собрался?
  2244 | D:2      | ololoev: возможно
  2299 | D:2      | Reached skill level 3 in Long Blades
  2605 | D:3      | Noticed Grinder
  2606 | D:3      | ololoev: если доживу
  2834 | D:4      | Found Xaicwas's General Store.
  2838 | D:4      | ololoev: ох лол!
  2838 | D:4      | ololoev: ну это вообще пушка!
  2838 | D:4      | crauler: *click* nice!
  2838 | D:4      | Bought a potion of heal wounds for 60 gold pieces
  2838 | D:4      | Bought a scroll of magic mapping for 42 gold pieces
  2861 | D:4      | Found a glowing drain.
  2882 | Sewer    | Entered a sewer
  3313 | Sewer    | jacquesderrida: ГЛЕФА
  3315 | Sewer    | ololoev: голефан
  3320 | Sewer    | Reached XP level 5. HP: 28/44 MP: 7/7
  3515 | Sewer    | jacquesderrida: ГЕЛИОФАН
  3643 | D:4      | ololoev: Имп Иванович Гриндский
  3643 | D:4      | ololoev: засел этажом выше
  3687 | D:4      | jacquesderrida: https://www.youtube.com/watch?v=ayIt44Yi-Wc
  3904 | D:4      | Found a bloodstained altar of Trog.
  4515 | D:4      | Noticed an ice beast
  4799 | D:4      | jacquesderrida: KENTARO LYFE
  5082 | D:4      | Noticed a wizard
  5088 | D:4      | Killed a wizard
  5248 | D:4      | Noticed an ogre
  5501 | D:5      | Entered Level 5 of the Dungeon
  5517 | D:5      | Reached skill level 4 in Long Blades
  5528 | D:5      | Found a basalt altar of Yredelemnul.
  5588 | D:5      | Reached XP level 6. HP: 37/51 MP: 8/8
  6478 | D:5      | Found a deep blue altar of Sif Muna.
  6741 | D:5      | Noticed Sigmund
  6755 | D:5      | Killed Sigmund
  6755 | D:5      | Reached skill level 5 in Long Blades
  6755 | D:5      | Reached XP level 7. HP: 56/58 MP: 9/9
  7711 | D:6      | Noticed Pikel
  7828 | D:6      | jacquesderrida: sleiv
  7946 | D:6      | Reached XP level 8. HP: 61/67 MP: 10/10
  7962 | D:6      | Noticed Eustachio
  7972 | D:6      | Killed Eustachio
  7972 | D:6      | Reached skill level 6 in Long Blades
  8591 | D:5      | jacquesderrida: deeeeeeeeeeng
  8983 | D:6      | Found a glowing golden altar of the Shining One.
  9653 | D:4      | Reached skill level 1 in Evocations
  9777 | D:4      | Reached skill level 5 in Fighting
  9835 | D:4      | Found a sacrificial altar of Ru.
  9840 | D:4      | Found a bloodstained altar of Trog.
  9846 | D:4      | Found a deep blue altar of Sif Muna.
 10338 | D:4      | Found a staircase to the Ecumenical Temple.
 10347 | Temple   | Entered the Ecumenical Temple
 10390 | Temple   | Became a worshipper of Warmaster Okawaru
 10651 | Temple   | HP: 1/68 [orc/flail (6)]
 11112 | D:4      | Reached skill level 1 in Bows
 11166 | D:5      | Killed Pikel
 11166 | D:5      | Reached * piety under Okawaru
 11166 | D:5      | Reached skill level 7 in Long Blades
 11166 | D:5      | Reached skill level 1 in Invocations
 11166 | D:5      | Reached XP level 9. HP: 53/74 MP: 11/11
 11440 | D:7      | Noticed Menkaure
 12713 | D:7      | Killed Menkaure
 12909 | D:7      | Reached skill level 5 in Bows
 13247 | D:8      | Reached ** piety under Okawaru
 13350 | D:8      | Reached skill level 8 in Long Blades
 13456 | D:8      | Found an opulent altar of Gozag.
 13801 | D:8      | Reached XP level 10. HP: 67/83 MP: 12/12
 14608 | D:9      | Reached *** piety under Okawaru
 14614 | D:9      | Noticed a cyclops
 14622 | D:9      | Killed a cyclops
 14792 | D:9      | Found a staircase to the Orcish Mines.
 14865 | D:9      | Noticed Grum
 15415 | D:9      | jacquesderrida: чово грейт сорд не взял...........
 15445 | D:9      | ololoev: зачем? махать им раз в 15 аутов?
 15469 | D:9      | jacquesderrida: мачить...
 15484 | D:9      | Reached **** piety under Okawaru
 15657 | D:9      | jacquesderrida: Одним ударом!
 15660 | D:9      | jacquesderrida: Всех!
 15660 | D:9      | ololoev: yellow potion
 15660 | D:9      | ololoev: смотрится подозрительно
 15817 | D:8      | Reached skill level 9 in Long Blades
 16017 | D:9      | jacquesderrida: Унижения проходят
 16022 | D:9      | Received a gift from Okawaru
 16025 | D:9      | jacquesderrida: Скоро можно мачить...
 16106 | D:9      | Found a roughly hewn altar of Beogh.
 16432 | D:9      | Killed Grum
 16472 | D:10     | Entered Level 10 of the Dungeon
 16480 | D:10     | jacquesderrida: maity woreor
 16483 | D:10     | Reached skill level 5 in Invocations
 16486 | D:9      | crauler: как же фальш?
 16782 | D:9      | ololoev: 900 бабосов надо
 16782 | D:9      | jacquesderrida: гамно ведь...
 16782 | D:9      | ololoev: лол нет!
 16782 | D:9      | jacquesderrida: Слабый!
 16782 | D:9      | crauler: там +9 вроде энчант?
 16782 | D:9      | ololoev: все нужные резисты, флейминг и +9
 16782 | D:9      | jacquesderrida: ДА
 16782 | D:9      | ololoev: самое то
 16789 | D:9      | Reached skill level 5 in Armour
 16790 | D:9      | jacquesderrida: 9 урона!
 16898 | D:9      | jacquesderrida: Оче мало!!
 17123 | D:9      | ololoev: зато машет в 0.5 аута и +4 слеинга с кольца
 17123 | D:9      | ololoev: легко передамажит +1 скимитард
 17135 | D:10     | jacquesderrida: КАК 0.5
 17175 | D:10     | jacquesderrida: НЕ МОЖЫТ БЫД
 17178 | D:10     | ololoev: 0.6
 17178 | D:10     | ololoev: наврал
 17178 | D:10     | ololoev: я люблю наврать
 17178 | D:10     | jacquesderrida: ноль пять ето демон хвип
 17178 | D:10     | ololoev: и 8 дамага
 17208 | D:10     | jacquesderrida: и еще что-то
 17315 | D:10     | jacquesderrida: или все
 17325 | D:10     | Noticed Urug
 17365 | D:9      | jacquesderrida: уруб замочет
 17370 | D:9      | Received a gift from Okawaru
 17687 | D:3      | Noticed Ijyb
 17695 | D:3      | Killed Ijyb
 17726 | D:3      | Reached XP level 11. HP: 77/91 MP: 14/14
 17757 | D:3      | jacquesderrida: побереги деньги, окер скоро подарит плутонер!
 17761 | D:3      | Noticed Natasha
 17765 | D:3      | Killed Natasha
 17776 | D:3      | jacquesderrida: 100%!
 17802 | D:3      | Paralysed by Grinder for 5 turns
 17810 | D:3      | Killed Grinder
 17881 | D:3      | jacquesderrida: че делаиш...
 17894 | D:3      | jacquesderrida: скимитар жэ лудьше!
 17894 | D:3      | ololoev: слеинг!
 17922 | D:3      | jacquesderrida: НУ
 17949 | D:3      | jacquesderrida: лудьтьше все равно....
 17949 | D:3      | ololoev: пламп хельминт
 17949 | D:3      | jacquesderrida: 12 урона!
 18012 | D:3      | Noticed Natasha
 18019 | D:3      | Killed Natasha
 18248 | D:10     | Found Migyish's Magic Scroll Emporium.
 18259 | D:10     | Found Qobul's General Store.
 18346 | D:10     | jacquesderrida: laliev agilny
 18346 | D:10     | jacquesderrida: lovky
 18346 | D:10     | ololoev: ща я ему надеру его орочий зад!
 18383 | D:10     | Killed Urug
 18383 | D:10     | Received a gift from Okawaru
 18704 | D:10     | Found Etwanun's Gadget Boutique.
 18812 | D:10     | Reached ***** piety under Okawaru
 18833 | D:10     | jacquesderrida: ЛАЛИЕВ
 18840 | D:10     | Received a gift from Okawaru
 18847 | D:10     | jacquesderrida: ЗАЧ ЛЕДЯНОЙ МЕЧ ПЕРЕД ЛЕЙРОМ ВЫБРОСИЛ
 18852 | D:10     | jacquesderrida: Бесплатный дебафер!
 18864 | D:10     | jacquesderrida: С Л О У
 18881 | D:10     | jacquesderrida: Дрегина тукнешь - он и замедлится!!
 18908 | D:10     | jacquesderrida: гадната!
 19467 | D:10     | Found a staircase to the Lair.
 19663 | D:11     | Reached skill level 10 in Long Blades
 19663 | D:11     | Reached skill level 10 in Bows
 20571 | D:11     | Noticed Snorg
 20830 | Orc:1    | Entered Level 1 of the Orcish Mines
 20838 | Orc:1    | jacquesderrida: ТЫ ЗАЧ АРЧИР ЛАЛИИВ
 20868 | D:9      | ololoev: чтобы табать луком
 20868 | D:9      | ololoev: поа нинужно, все равно руки залипли
 20913 | Orc:1    | Noticed an orc warlord
 20922 | D:9      | ololoev: орки офигели
 21379 | Orc:1    | Found Cerif's Magic Scroll Boutique.
 21402 | Orc:1    | Noticed an orc sorcerer
 21418 | Orc:1    | Killed an orc sorcerer
 21444 | Orc:1    | Found Saexom's Assorted Antiques.
 21457 | Orc:1    | Found Kullem's Jewellery Shop.
 21532 | Orc:1    | Noticed an orc sorcerer
 21549 | Orc:1    | Killed an orc sorcerer
 21728 | Orc:2    | Entered Level 2 of the Orcish Mines
 22133 | Orc:2    | Found a roughly hewn altar of Beogh.
 22135 | Orc:2    | Noticed an orc knight
 22188 | Orc:2    | Killed an orc knight
 22741 | Orc:2    | Found a roughly hewn altar of Beogh.
 22760 | Orc:2    | Noticed an orc knight
 22812 | Orc:2    | Received a gift from Okawaru
 22853 | D:10     | Bought a scroll of remove curse for 39 gold pieces
 22875 | D:9      | Gained mutation: You occasionally shout uncontrollably at your foes. [mutagenic meat]
 22876 | D:9      | Gained mutation: Your movements are slightly less encumbered by armour (ER -2). [mutagenic meat]
 22877 | D:9      | Gained mutation: You possess an exceptional clarity of mind. [mutagenic meat]
 22981 | D:4      | Bought the +9 falchion "Nonnoe" {flame, rPois rC+ rN+ MR+} for 940 gold pieces
 23142 | Orc:1    | Reached XP level 12. HP: 80/102 MP: 15/17
 23287 | Orc:2    | Reached skill level 11 in Long Blades
 23346 | Orc:2    | Found a staircase to the Elven Halls.
 23388 | Orc:2    | Noticed an orc high priest
 23653 | Orc:2    | Received a gift from Okawaru
 23669 | Orc:2    | Killed an orc high priest
 23669 | Orc:2    | Received a gift from Okawaru
 23792 | Orc:2    | Noticed an orc high priest
 23811 | Orc:2    | Killed an orc high priest
 23824 | Orc:2    | Noticed an orc high priest
 24228 | Orc:2    | Killed an orc high priest
 24281 | Orc:2    | Found Guges's Magic Scroll Shop.
 24281 | Orc:2    | Found Gumael's Food Shoppe.
 24287 | Orc:2    | Found Lupeohegh's Book Shoppe.
 24287 | Orc:2    | Found Quinan's Gadget Shop.
 24351 | Orc:2    | jacquesderrida: ХАЙ ЧЕ ДЕЛАИШ
 24359 | Orc:2    | jacquesderrida: Мде, магазинчики...
 24362 | Orc:2    | jacquesderrida: ГАМНО
 24362 | Orc:2    | Bought a scroll of identify for 26 gold pieces
 24363 | Orc:2    | Gained mutation: Your mind is acute. (Int +2) [potion of beneficial mutation]
 24976 | D:11     | Killed Snorg
 25004 | D:12     | Noticed Psyche
 25013 | D:12     | Killed Psyche
 25125 | D:12     | Received a gift from Okawaru
 25390 | D:12     | Reached skill level 12 in Long Blades
 25526 | D:12     | Got a jewelled ring mail
 25600 | D:12     | Noticed Nessos
 25618 | D:12     | HP: 4/104 [poisoned by Nessos]
 25620 | D:12     | Succumbed to Nessos's poison

Dungeon Overview and Level Annotations

Branches:
Dungeon (12/15)            Temple (1/1) D:4            Lair (0/8) D:10
    Orc (2/2) D:9             Elf (0/3) Orc:2

Altars:
Ashenzari
Dithmenos
Fedhas
Gozag
Kikubaaqudgha
Nemelex Xobeh
Okawaru
Pakellas
Qazlal
Ru
Sif Muna
Trog
Vehumet
Xom
Yredelemnul
Zin
The Shining One
Beogh

Shops:
D:4 *   D:10 ?*}   Orc:1 ?*=   Orc:2 ?}:%

Annotations:
D:12 Nessos


Message History

You feel sick.
Nessos shoots a poisoned arrow.
The poisoned arrow hits you but does no damage.
Nessos intently looks at you, slowly moving his tail.
Nessos shoots a poisoned arrow.
The poisoned arrow hits you! The poisoned arrow burns you.
You see here 2 poisoned arrows.
You are too injured to fight recklessly!
You are too injured to fight recklessly!
You are too injured to fight recklessly!
You are too injured to fight recklessly!
You are too injured to fight recklessly!
You are too injured to fight recklessly!
You are too injured to fight recklessly!
You are too injured to fight recklessly!
You are too injured to fight recklessly!
You are too injured to fight recklessly!
You are too injured to fight recklessly!
Drink which item? (? for menu, Esc to quit)
Okay, then.
Use which ability? (? or * to list)
You gain the combat prowess of a mighty hero.
You feel slightly more hungry.
You feel sick.
Nessos shoots a poisoned arrow.
The poisoned arrow hits you! The poisoned arrow burns you.
You are lethally poisoned!
You feel sick.
Nessos unwields an uncursed longbow of flaming.
It stops flaming.
Nessos hits you. Nessos hits you but does no damage.
You closely miss Nessos. You kick Nessos, but do no damage.
You feel sick. Nessos hits you but does no damage.
Drink which item? (? for menu, Esc to quit)
It was a potion of ambrosia.
You are confused.
You feel invigorated.
You feel very sick. Nessos hits you but does no damage. Nessos hits you!
You're too confused!
Drink which item? (? for menu, Esc to quit)
Okay, then.
You feel sick. Nessos hits you but does no damage. x2
You feel very sick. Nessos hits you but does no damage. x2
You feel very sick.
Nessos hits you but does no damage. x2; Nessos closely misses you.
You feel sick.
Nessos blinks! x2
The hippogriff bites you but does no damage.
The hippogriff pecks you but does no damage.
The hippogriff claws you but does no damage.
You feel very sick.
Nessos blinks!
Nessos wields an uncursed longbow of flaming.
It bursts into flame!
Nessos shoots a poisoned arrow.
The poisoned arrow hits you! The poisoned arrow burns you.
The hippogriff bites you but does no damage.
The hippogriff barely misses you.
The hippogriff claws you but does no damage.
You feel sick.
Nessos shoots a poisoned arrow.
The poisoned arrow hits you! The poisoned arrow burns you.
You are more poisoned.
Nessos shoots a poisoned arrow.
The poisoned arrow hits you. The poisoned arrow burns you.
You are more poisoned.
The hippogriff bites you but does no damage.
The hippogriff barely misses you.
The hippogriff claws you but does no damage.
You feel less invigorated.
You feel less confused.
You feel very sick.
Nessos shoots a poisoned arrow.
The poisoned arrow hits you but does no damage.
You feel sick. The hippogriff barely misses you.
The hippogriff pecks you but does no damage.
The hippogriff claws you but does no damage.
You see here 2 poisoned arrows.
You feel very sick. Nessos says, "Study your classics!"
The hippogriff bites you but does no damage.
The hippogriff pecks you but does no damage.
The hippogriff claws you but does no damage.
Unknown command.
You die...

You could see Nessos and a hippogriff.

Vanquished Creatures
  Snorg (D:11)
  Urug (D:10)
  3 orc high priests (Orc:2)
  2 hill giants (D:12)
  5 orc knights
  Pikel (D:5)
  5 orc sorcerers
  A cyclops (D:9)
  Psyche (D:12)
  2 komodo dragons (D:10)
  3 two-headed ogres
  3 trolls
  Grinder (D:3)
  9 slime creatures (D:12)
  Sigmund (D:5)
  A spriggan (D:7)
  A wyvern (D:8)
  A vampire (D:8)
  5 yaks (D:9)
  Eustachio (D:6)
  3 hippogriffs
  A steam dragon (D:11)
  Grum (D:9)
  Menkaure (D:7)
  6 wargs
  A mottled dragon (D:10)
  21 orc warriors
  A wasp (D:12)
  4 slaves
  6 ice beasts
  2 sky beasts
  2 black bears
  10 ogres
  A necrophage (D:10)
  3 wolves (D:9)
  A phantom (D:8)
  A centaur (D:5)
  3 crocodiles (D:10)
  9 giant frogs
  A wyvern zombie (D:7)
  3 scorpions
  12 wights
  A howler monkey (D:5)
  4 electric eels (D:11)
  9 crimson imps
  2 centaur zombies (D:5)
  4 giant frog zombies
  8 hounds
  A quasit (D:8)
  15 orc priests
  5 centaur skeletons
  A giant frog skeleton (D:11)
  2 jellies
  22 orc wizards
  Natasha (twice) (D:3)
  5 iguanas
  6 worker ants
  Ijyb (D:3)
  3 hell rats (D:7)
  2 sheep (D:9)
  A killer bee zombie (D:5)
  2 hound zombies
  14 adders
  7 gnolls
  A howler monkey skeleton (D:7)
  5 river rats
  2 shadow imps
  A giant eyeball (D:11)
  2 adder skeletons
  A worm (D:2)
  5 dart slugs
  13 giant geckos
  86 orcs
  8 ball pythons
  7 bats
  6 giant cockroaches
  10 goblins
  9 hobgoblins
  12 jackals
  A giant gecko skeleton (D:4)
  A giant gecko zombie (D:8)
  18 giant newts
  5 kobolds
  A quokka skeleton (D:6)
  42 rats
494 creatures vanquished.

Vanquished Creatures (others)
  A wizard (D:4)
  An orc (D:4)
  A rat (D:2)
3 creatures vanquished.

Grand Total: 497 creatures vanquished

Action                   |  1- 3 |  4- 6 |  7- 9 | 10-12 || total
-------------------------+-------+-------+-------+-------++-------
Melee: Falchion          |   174 |   237 |       |   577 ||   988
       Long sword        |       |    70 |   573 |       ||   643
       Scimitar          |       |       |    71 |   320 ||   391
 Fire: Shortbow          |       |       |    34 |   157 ||   191
Throw: Tomahawk          |       |     5 |       |       ||     5
Invok: Heroism           |       |       |     3 |    42 ||    45
 Abil: Evoke Invisibilit |       |       |     7 |       ||     7
Evoke: Wand              |       |       |       |     5 ||     5
  Use: Potion            |       |     6 |     8 |    13 ||    27
       Scroll            |       |       |    10 |    13 ||    23
 Stab: Invisible         |       |       |    13 |     2 ||    15
  Eat: Chunk             |     2 |     7 |     9 |    29 ||    47
       Meat ration       |       |     1 |       |     1 ||     2
       Bread ration      |       |     1 |     2 |       ||     3
       Royal jelly       |       |       |     1 |     1 ||     2
       Pizza             |       |       |     1 |       ||     1
       Fruit             |       |       |       |     4 ||     4

Vault maps used:
D:1:      dpeg_arrival_arbitrary_c, minmay_lizard_king
D:2:      nemelex_altar_shiori, fiery_altar_vehumet
D:3:      uniq_grinder, uniq_iyjb, uniq_natasha
D:4:      minitemple, temple_hall, serial_shops, shop, portal_sewer_entry_e,
          trog_wizard
D:5:      nicolae_overflow_crystal_walls, first_bread, led_sif_pool,
          uniq_sigmund
D:6:      lemuel_doored_altar, serial_bayou_pond_d, uniq_eustachio, uniq_pikel
D:7:      lemuel_ratsnest, the_bakery, uniq_menkaure
D:8:      grunt_gozag_breadcrumbs
D:9:      minmay_orc_entry_temple_small, minmay_fountain_box, uniq_grum
D:10:     erik_lair_dragon, serial_shops, kennysheep_mini, nicolae_shop_crystal,
          shop_fountains, uniq_urug
D:11:     uniq_snorg
D:12:     uniq_nessos, uniq_azrael, uniq_josephine, uniq_psyche
Temple:   nicolae_temple_god_jail
Orc:1:    portal_ice_cave_entry_pillars_01, serial_shops, shop,
          nicolae_shop_overgrown_old_shop, shop
Orc:2:    grunt_orc_tribal_feast, basic_altar, special_room, mines2_david
Sewer:    sewer_co_cracked_pipes
